 Dungeon Crawl Stone Soup version 0.23.1 (webtiles) character file.

Game seed: 4580271745174260317

16 Banto the Sneak (level 2, -1/17 HPs)
             Began as an Octopode Earth Elementalist on Mar 14, 2019.
             Slain by a kobold (4 damage)
             ... on level 1 of the Dungeon.
             The game lasted 00:01:08 (1115 turns).

Banto the Sneak (Octopode Earth Elementalist)       Turns: 1115, Time: 00:01:09

Health: -1/17      AC:  1    Str:  7    XL:     2   Next: 58%
Magic:  3/5        EV: 13    Int: 17    God:
Gold:   29         SH:  0    Dex: 12    Spells: 4/5 levels left

rFire    . . .     SeeInvis .   a - +0 dagger
rCold    . . .     Gourm    .   (no shield)
rNeg     . . .     Faith    .   (helmet restricted)
rPois    .         Spirit   .   (no amulet)
rElec    .         Reflect  .   (no ring)
rCorr    .         Harm     .   (no ring)
MR       .....                  (no ring)
Stlth    +++.......             (no ring)
HPRegen  0.05/turn              (no ring)
MPRegen  0.09/turn              (no ring)
                                (no ring)
                                (no ring)

@: no status effects
A: almost no armour, stealthy swim, amphibious, 8 rings, constrict 8, camouflage
1, gelatinous body 1
a: no special abilities


You were on level 1 of the Dungeon.
You were hungry.

You visited 1 branch of the dungeon, and saw 1 of its levels.

You collected 29 gold pieces.

Inventory:

Hand Weapons
 a - a +0 dagger (weapon)
Missiles
 b - 27 stones (quivered)
Scrolls
 d - a scroll of enchant weapon {unknown}
 e - a scroll of identify {unknown}
 f - a scroll of remove curse {unknown}
 g - 3 scrolls of teleportation {unknown}
Potions
 h - a potion of mutation {unknown}
Comestibles
 c - 3 rations


   Skills:
 - Level 2.0 Dodging
 + Level 3.3 Stealth
 + Level 2.3 Spellcasting
   Level 1.0 Transmutations
 + Level 3.3 Earth Magic


You had 4 spell levels left.
You knew the following spells:

 Your Spells              Type           Power        Failure   Level  Hunger
a - Sandblast             Erth           ##....       4%          1    #......

Your spell library contained the following spells:

 Spells                   Type           Power        Failure   Level  Hunger
 Passwall                 Tmut/Erth      #.......     12%         2    ###....
 Stone Arrow              Conj/Erth      #.....       28%         3    ###....
 Petrify                  Tmut/Erth      #.......     61%         4    #####..
 Lee's Rapid Deconstruct  Erth           ##........   80%         5    ######.


Dungeon Overview and Level Annotations

Branches:
Dungeon (1/15)

Altars:


Innate Abilities, Weirdness & Mutations

You cannot wear most types of armour.
You are very stealthy in the water. (Stealth+)
You are amphibious.
You can wear up to eight rings at the same time.
You can use your tentacles to constrict eight enemies at once.
Your skin changes colour to match your surroundings (Stealth+).
Your rubbery body absorbs attacks. (AC +1, EV +1)


Message History

You are too injured to fight recklessly!
Casting: Sandblast (safe; 4% risk of failure)
Confirm with . or Enter, or press ? or * to list all spells.
Aiming: Sandblast (safe; 4% risk of failure)
Press: ? - help, Shift-Dir - straight line, f - kobold
Aim: a kobold The blast of sand misses the kobold.
b - 28 stones The kobold hits you.
* * * LOW HITPOINT WARNING * * *
Casting: Sandblast (safe; 4% risk of failure)
Confirm with . or Enter, or press ? or * to list all spells.
Aiming: Sandblast (safe; 4% risk of failure)
Press: ? - help, Shift-Dir - straight line, f/p - kobold
Aim: a kobold The blast of sand hits the kobold.
The kobold is heavily wounded.
b - 27 stones The kobold hits you.
You die...

.##.###.#.# .##.# #.#.# #..
.##.# #.#.# #.#
.##.###.#.####.# ### ###
.##.....#.##....... ..#
÷######.#.##.#.#.# #.#
.#......#.##.#... #.#
........#.##.#.######### #.#
....)...........@K...... #.#
.....##>..################.####
............(.................#
..##................##.....##.#
#.#..)...............########.#
#.#†........#....∩....# #†#
#.#...................# #.#
#.#...#######....<....# #.#
#.#....................# #.#


You could see a kobold.

Vanquished Creatures
  A dart slug (D:1)
  2 bats (D:1)
  A giant cockroach (D:1)
  A hobgoblin (D:1)
  2 frilled lizards (D:1)
  5 kobolds (D:1)
  3 rats (D:1)
15 creatures vanquished.

Notes
Turn   | Place    | Note
-------+----------+-------------------------------------------
     0 | D:1      | Banto the Octopode Earth Elementalist began the quest for
                  | the Orb.
     0 | D:1      | Reached XP level 1. HP: 11/11 MP: 3/3
   493 | D:1      | Reached XP level 2. HP: 12/17 MP: 5/5
  1115 | D:1      | Slain by a kobold

Skill      XL: |  1 |
---------------+----+-----
Stealth        | 3 |  3.3
Dodging        | |  2.0
Spellcasting   | |  2.3
Transmutations | |  1.0
Earth Magic    | |  3.3

Action                   || total
-------------------------++-------
Melee: Unarmed           ||    19
       Dagger            ||    36
       Constrict         ||     7
       Tentacles         ||     3
 Cast: Sandblast         ||     9
 Stab: Sleeping          ||     3
Armor: Skin              ||     4
Dodge: Dodged            ||    46
